 Dungeon Crawl Stone Soup version 0.24.0-13-gcf9b319 (webtiles) character file.

Game seed: 11748380487673399913, levelgen mode: deterministic

2990 Fang the Skirmisher (level 9, -11/58 HPs)
             Began as a Gargoyle Berserker on Dec 4, 2019.
             Was a Priest of Trog.
             Killed by divine providence
             ... invoked by an orc priest
              (12 damage)
             ... on level 8 of the Dungeon.
             The game lasted 00:07:26 (7338 turns).

Fang the Skirmisher (Gargoyle Berserker)            Turns: 7338, Time: 00:07:27

Health: -11/58     AC: 21    Str: 23    XL:     9   Next: 83%
Magic:  9/9        EV:  7    Int: 12    God:    Trog [***...]
Gold:   432        SH: 10    Dex:  9    Spells: 8/8 levels left

rFire    . . .     SeeInvis .   a - +1 war axe
rCold    . . .     Gourm    .   B - +0 shield
rNeg     + . .     Faith    .   b - +2 plate armour
rPois    ∞         Spirit   .   (no helmet)
rElec    +         Reflect  .   (no cloak)
rCorr    .         Harm     .   (no gloves)
MR       ++...                  (no boots)
Stlth    ..........             (no amulet)
HPRegen  1.19/turn              k - +3 ring of intelligence
MPRegen  0.11/turn              (no ring)

@: berserk cooldown, regenerating, slowed, very slow
A: negative energy resistance 1, electricity resistance, unbreathing,
petrification resistance, rot immunity, AC +6
a: Berserk, Trog's Hand, Renounce Religion


You were on level 8 of the Dungeon.
You worshipped Trog.
Trog was most pleased with you.
You were very hungry.

You visited 1 branch of the dungeon, and saw 8 of its levels.

You collected 432 gold pieces.

Inventory:

Hand Weapons
 a - a +1 war axe (weapon)
 A - a +0 broad axe
Armour
 b - a +2 plate armour (worn)
 B - a +0 shield (worn)
Jewellery
 k - a +3 ring of intelligence (left hand)
Wands
 m - a wand of acid (6)
 y - a wand of flame (47)
 D - a wand of random effects (13)
 E - a wand of enslavement (12)
 G - a wand of polymorph (6)
Scrolls
 f - a scroll of acquirement {unknown}
 g - 2 scrolls of magic mapping
 h - 5 scrolls of remove curse
 i - 5 scrolls of identify
 q - a scroll of fog
 r - 2 scrolls of teleportation
Potions
 d - a potion of brilliance {unknown}
 e - 2 potions of mutation
 j - 2 potions of flight
 l - a potion of agility
 p - 3 potions of curing
 w - 2 potions of cancellation
 z - 2 potions of haste
Comestibles
 c - 15 rations
 n - 9 chunks of flesh


   Skills:
 * Level 7.7 Fighting
 * Level 6.3 Axes
 + Level 6.3 Armour
 + Level 4.7 Dodging
 * Level 6.6 Shields


You had 8 spell levels left.
You didn't know any spells.
Your spell library was empty.

Dungeon Overview and Level Annotations

Branches:
Dungeon (8/15)             Temple (0/1) D:4
   Lair: D:8-11

Altars:
Ashenzari
Gozag
Hepliaklqana
Kikubaaqudgha
Nemelex Xobeh
Okawaru
Qazlal
Ru
Trog
Vehumet
Wu Jian
Yredelemnul
Zin

Annotations:
D:4 3 runed translucent doors, cacophonousHarmony's ghost, amateur TrEE


Innate Abilities, Weirdness & Mutations

You are resistant to torment.
Your stone body is resilient. (AC +6)
You are immune to poison.
You resist negative energy. (rN+)
You are resistant to electric shocks. (rElec)
You can survive without breathing.
You are immune to petrification.
You are immune to rotting.


Message History

* * * LOW HITPOINT WARNING * * *
The orc wizard gestures wildly while chanting.
The orc wizard flickers and vanishes!
Deactivating autopickup; reactivate with Ctrl-A.
You barely miss the orc priest.
The orc priest is severely wounded.
You closely miss the orc priest. You barely miss the orc priest.
You closely miss the orc priest.
You hit the withered plant but do no damage.
The orc priest hits you with a +0 club.
* * * LOW HITPOINT WARNING * * *
The orc priest closely misses you.
The orc priest calls down the wrath of Beogh upon you.
Beogh smites you!
* * * LOW HITPOINT WARNING * * *
The orc priest hits you but does no damage.
You block the orc priest's attack.
The orc priest mumbles some strange prayers to Beogh against you.
Beogh smites you!
You die...

#################################
........)........................
.############..P...##############
...........)...o_o)#
...............o@P.#
..#####.........o..# ..#
'.......{.[..# ..# #............#
.## #............# ##
#............# # ..........# #
........... #


You could see 4 orc priests.

Vanquished Creatures
  An ugly thing (D:8)
  Menkaure (D:7)
  A phantom (D:8)
  An orc warrior (D:6)
  2 black bears (D:6)
  A sky beast (D:7)
  3 centaurs
  5 ogres
  A bullfrog (D:7)
  4 scorpions
  2 crimson imps
  2 centaur zombies (D:7)
  3 jellies
  5 hounds
  4 orc priests
  2 bullfrog skeletons
  3 orc wizards
  A centaur skeleton (D:8)
  4 iguanas
  5 worker ants
  2 hound skeletons
  A howler monkey zombie (D:6)
  5 adders
  5 gnolls
  2 shadow imps
  An ooze (D:2)
  4 worms
  A dart slug (D:2)
  5 leopard geckos
  21 orcs
  A ball python (D:3)
  5 bats
  2 giant cockroaches (D:3)
  7 goblins
  7 hobgoblins
  6 jackals
  5 kobolds
  A quokka (D:7)
  4 frilled lizards
  A leopard gecko skeleton (D:6)
  A quokka skeleton (D:4)
  4 rats (D:2)
  A withered plant (D:8)
143 creatures vanquished.

Vanquished Creatures (others)
  A withered plant (D:8)
1 creature vanquished.

Grand Total: 144 creatures vanquished

Notes
Turn   | Place    | Note
-------+----------+-------------------------------------------
     0 | D:1      | Fang the Gargoyle Berserker began the quest for the Orb.
     0 | D:1      | Reached XP level 1. HP: 14/14 MP: 1/1
   184 | D:1      | Reached XP level 2. HP: 4/19 MP: 2/2
   944 | D:2      | Reached XP level 3. HP: 21/23 MP: 3/3
  1035 | D:2      | Reached skill level 1 in Shields
  1041 | D:2      | Reached ** piety under Trog
  1043 | D:2      | Reached XP level 4. HP: 7/29 MP: 4/4
  1423 | D:2      | You fall into a shaft and drop 2 floors!
  1436 | D:4      | Reached skill level 4 in Fighting
  1436 | D:4      | Reached XP level 5. HP: 17/33 MP: 5/5
  1829 | D:4      | Reached XP level 6. HP: 34/38 MP: 6/6
  1843 | D:4      | Found a runed translucent gate.
  1843 | D:4      | Found a runed translucent gate.
  1843 | D:4      | Found a runed translucent gate.
  1843 | D:4      | Noticed cacophonousHarmony's ghost (amateur TrEE)
  2506 | D:4      | Reached XP level 7. HP: 42/44 MP: 7/7
  2513 | D:4      | Found a staircase to the Ecumenical Temple.
  3258 | D:3      | Found a hazy altar of Hepliaklqana.
  3421 | D:3      | Reached skill level 5 in Fighting
  3693 | D:2      | Found an iron altar of Okawaru.
  3734 | D:2      | Reached *** piety under Trog
  4135 | D:5      | Entered Level 5 of the Dungeon
  4166 | D:5      | Found a glowing silver altar of Zin.
  4876 | D:5      | Found a stormy altar of Qazlal.
  5070 | D:5      | Reached XP level 8. HP: 40/50 MP: 8/8
  5199 | D:6      | Reached skill level 5 in Armour
  5312 | D:6      | Found a sparkling altar of Nemelex Xobeh.
  5313 | D:6      | Found an opulent altar of Gozag.
  5325 | D:6      | Found a bloodstained altar of Trog.
  5410 | D:6      | Reached skill level 6 in Fighting
  5453 | D:6      | Found a radiant altar of Vehumet.
  5574 | D:6      | Reached skill level 5 in Axes
  5705 | D:6      | Found a sacrificial altar of Ru.
  5705 | D:6      | Found an ancient bone altar of Kikubaaqudgha.
  5767 | D:7      | Reached skill level 5 in Shields
  5817 | D:7      | Reached XP level 9. HP: 53/56 MP: 9/9
  6225 | D:7      | Found an ornate altar of the Wu Jian Council.
  6405 | D:7      | Noticed Menkaure
  6410 | D:7      | Killed Menkaure
  6756 | D:7      | Reached skill level 7 in Fighting
  6799 | D:8      | Noticed a brown ugly thing
  6820 | D:8      | Killed a brown ugly thing
  7251 | D:8      | Found a shattered altar of Ashenzari.
  7294 | D:8      | Found a basalt altar of Yredelemnul.
  7338 | D:8      | HP: 1/58 [orc priest/divine providence (13)]
  7338 | D:8      | Killed from afar by an orc priest

Levels and vault maps discovered:
D:1:      scummos_arrival_simple_fountains, layout_loops_cross
D:2:      layout_basic, okawaru_trees_2
D:3:      layout_rooms, marbit_many_paths, cheibrodos_gnoll_hut
D:4:      layout_basic, temple_green, gammafunk_ghost_split, first_ration,
          kennysheep_generic_room_15
D:5:      layout_gridville, nicolae_overflow_crystal_walls,
          grunt_qazlal_sundering
D:6:      layout_rooms, grunt_temple_overflow_opulence,
          overflow_temple_1_default, trog_ov_bears_minmay,
          gammafunk_temple_overflow_elements
D:7:      layout_basic, lemuel_round_altar, uniq_menkaure
D:8:      cheibrodos_iron_armory, layout_basic, yredelemnul_altar_generic,
          basic_altar, uniq_psyche

Skill      XL: |  1  2  3  4  5  6  7  8  9 |
---------------+----------------------------+-----
Axes           | 3 4 5 6 |  6.3
Dodging        | 2 3 4 |  4.7
Shields        | 1 2 3 5 6 |  6.6
Armour         | 3 4 5 6 |  6.3
Fighting       | 4 5 6 7 |  7.7

Action                   |  1- 3 |  4- 6 |  7- 9 || total
-------------------------+-------+-------+-------++-------
Melee: Hand axe          |    65 |       |       ||    65
       War axe           |    14 |    65 |   401 ||   480
Invok: Berserk           |     1 |     4 |     6 ||    11
       Trog's Hand       |       |       |     2 ||     2
  Use: Scroll            |       |       |    20 ||    20
  Eat: Chunk             |       |    10 |    18 ||    28
       Ration            |       |       |     1 ||     1
Armor: Animal skin       |    35 |    21 |    60 ||   116
       Plate armour      |       |       |   155 ||   155
Dodge: Dodged            |    51 |    32 |   149 ||   232
Block: Shield            |    24 |    40 |   230 ||   294
